WCHLSIM.com - West Coast Hockey League
html PUBLIC "-//W3C//DTD XHTML 1.0 Transitional//EN" "http://www.w3.org/TR/xhtml1/DTD/xhtml1-transitional.dtd"> WCHL - Game 21 - SALEM BLACK JAYS vs KANSAS CITY KILLERBEES

SALEM BLACK JAYS vs KANSAS CITY KILLERBEES

Created - 15 novembre 2020 at 22:12

Goals
1 2 3 OT1 T
SALEM BLACK JAYS 1 1 1 1 4
KANSAS CITY KILLERBEES 0 1 2 0 3
Shots
1 2 3 OT1 T
SALEM BLACK JAYS 6 9 10 3 28
KANSAS CITY KILLERBEES 12 6 4 0 22

1st period

1. SALEM BLACK JAYS , Michal Kempny 1 (Mikko Rantanen 3, Mathew Barzal 3) at 11:15 (PP)

Penalties :
Anthony DeAngelo (SAL) for Interference (Minor) at 6:30, Jacob Muzzin (KCK) for Roughing (Minor) at 10:31, Jason Demers (SAL) for Hooking (Minor) at 14:08

2nd period

2. SALEM BLACK JAYS , Mitchell Marner 2 (Josh Leivo 1, Mathew Barzal 4) at 11:29
3. KANSAS CITY KILLERBEES , Paul Stastny 1 (Sean Couturier 2) at 13:05

Penalties :
Michal Kempny (SAL) for Interference (Minor) at 3:38, Mark Stone (KCK) for Hooking (Minor) at 12:44, Anthony DeAngelo (SAL) for Hooking (Minor) at 12:44, Jacob Muzzin (KCK) for Hooking (Minor) at 17:30

3rd period

4. SALEM BLACK JAYS , Mathew Barzal 1 (Mitchell Marner 1, Scott Mayfield 1) at 1:44
5. KANSAS CITY KILLERBEES , Mark Stone 2 (Sean Couturier 3) at 10:23
6. KANSAS CITY KILLERBEES , Sean Couturier 1 (Mark Stone 1) at 19:20

Penalties :
Jacob Muzzin (KCK) for Hooking (Minor) at 2:14, Anthony DeAngelo (SAL) for Slashing (Minor) at 8:06, Josh Archibald (KCK) for Hooking (Minor) at 10:13, Anthony DeAngelo (SAL) for Holding (Minor) at 10:13

Overtime #1

7. SALEM BLACK JAYS , Matthew Calvert 1 (Josh Leivo 2, Michal Kempny 1) at 4:04

Penalties :
No Penalty

Goalie Stats

Elvis Merzlikins (SAL), 19 saves from 22 shots - (0,864), W, 1-0-0, 64:05 minutes
John Gibson (KCK), 24 saves from 28 shots - (0,857), OTL, 0-1-1, 63:45 minutes

Players Stats for SALEM BLACK JAYS

Player Name              G  A  P  +/- PIM S  H  SB GA TA FO     MP     PP MP  PK MP  
------------------------------------------------------------------------------------
Andreas Athanasiou       0  0  0   0  0   3  0  0  0  0  0/1    13:50   0:00   3:37 
Anthony DeAngelo         0  0  0   0  8   0  1  0  0  0  0/0    18:08   2:33   0:04 
Casey Cizikas            0  0  0  -1  0   0  0  0  0  0  9/18   14:53   0:00   4:19 
Cody Ceci                0  0  0   0  0   0  2  1  0  0  0/0    18:20   0:00   3:48 
Dylan Larkin             0  0  0  -2  0   1  1  0  0  0  14/28  19:51   2:09   0:00 
Filip Chytil             0  0  0   0  0   0  0  1  0  0  4/10    9:14   0:00   3:37 
Jason Demers             0  0  0  -2  2   0  1  1  0  0  0/0    20:46   2:09   2:48 
Josh Leivo               0  2  2   3  0   2  0  0  0  0  0/0    17:50   2:33   0:00 
Joshua Morrissey         0  0  0  -1  0   0  1  2  0  0  0/0    24:54   2:09   2:05 
Martin Necas             0  0  0   0  0   1  0  0  0  0  0/0    10:13   0:00   0:00 
Mathew Barzal            1  2  3   2  0   5  0  0  0  0  4/15   20:08   2:33   0:00 
Matthew Calvert          1  0  1   0  0   1  1  0  0  0  0/0    15:46   2:09   0:00 
Matthew Highmore         0  0  0   0  0   0  0  0  0  0  0/2     9:56   0:00   4:19 
Michal Kempny            1  1  2   1  2   1  1  0  0  0  0/0    21:44   2:33   2:59 
Mikko Rantanen           0  1  1  -1  0   3  1  0  0  0  1/2    17:47   2:33   0:00 
Mitchell Marner          1  1  2   0  0   10 1  0  0  0  0/1    21:11   2:09   0:00 
Par Lindholm             0  0  0   0  0   0  0  0  0  0  0/0     5:37   0:00   0:00 
Scott Mayfield           0  1  1   1  0   1  5  1  0  0  0/0    20:07   0:00   4:08 

Players Stats for KANSAS CITY KILLERBEES

Player Name              G  A  P  +/- PIM S  H  SB GA TA FO     MP     PP MP  PK MP  
------------------------------------------------------------------------------------
Adam Larsson             0  0  0  -1  0   0  3  1  0  0  0/0    19:13   0:00   2:14 
Cam Fowler               0  0  0   1  0   0  0  0  0  0  0/0    24:05   4:10   2:14 
Colin Miller             0  0  0   0  0   0  1  0  0  0  0/0    19:22   3:46   0:44 
Haydn Fleury             0  0  0   0  0   0  1  1  0  0  0/0    20:37   3:46   1:50 
Jacob Muzzin             0  0  0   1  6   0  1  1  0  0  0/0    24:02   4:10   0:00 
Josh Archibald           0  0  0  -1  2   0  1  0  0  0  0/0     8:45   0:00   1:36 
Mark Stone               1  1  2   2  2   4  2  0  0  0  0/1    22:07   4:42   0:00 
Max Domi                 0  0  0  -2  0   3  1  0  0  0  11/22  18:44   3:14   0:00 
Nicholas Ritchie         0  0  0  -1  0   2  3  0  0  0  1/1    16:59   0:00   3:00 
Oscar Fantenberg         0  0  0   0  0   1  1  1  0  0  0/0    15:58   0:00   2:22 
Oskar Sundqvist          0  0  0  -1  0   1  0  0  0  0  4/4     7:10   0:00   0:00 
Paul Stastny             1  0  1   1  0   1  0  0  0  0  11/15  16:11   3:14   1:36 
Riley Sheahan            0  0  0  -1  0   1  0  0  0  0  0/3    10:16   0:00   3:06 
Ryan Dzingel             0  0  0   0  0   2  0  0  0  0  2/2    11:57   3:14   0:00 
Sean Couturier           1  2  3   3  0   5  1  1  0  0  15/28  24:13   4:42   0:00 
Tyler Ennis              0  0  0  -1  0   1  0  0  0  0  1/1     9:35   0:00   0:00 
Zach Hyman               0  0  0   1  0   0  1  0  0  0  0/0    19:38   4:42   0:06 
Zach Parise              0  0  0  -1  0   1  0  0  0  0  0/0    14:38   0:00   0:00 

3 Stars

1 - Sean Couturier (KCK)
2 - Mathew Barzal (SAL)
3 - Josh Leivo (SAL)

Power Play

SALEM BLACK JAYS - 1 on 3 Attempt(s) - 33,33%
KANSAS CITY KILLERBEES - 0 on 4 Attempt(s) - 0,00%

Penalty Kill

SALEM BLACK JAYS - 4 on 4 Attempt(s) - 100,00% - Score 0 goal in Penalty Kill
KANSAS CITY KILLERBEES - 2 on 3 Attempt(s) - 66,67% - Score 0 goal in Penalty Kill

Team Stat

SALEM BLACK JAYS - Hits : 15 - Faceoff Wins : 32 - Blocked Shots : 6 - Penalty Minutes : 12
KANSAS CITY KILLERBEES - Hits : 16 - Faceoff Wins : 45 - Blocked Shots : 5 - Penalty Minutes : 10

Official

Referees : Troy Paterson and Brian Pochmara
Linesman : Robb Harrell and Scott Cherrey

Game Notes

No Game Note

Finance

Level 1 -- Attendance: 6500 (100,00%) -- Ticket Income 682 500 $
Level 2 -- Attendance: 5300 (100,00%) -- Ticket Income 339 200 $
Level 3 -- Attendance: 2500 (100,00%) -- Ticket Income 97 500 $
Level 4 -- Attendance: 4200 (100,00%) -- Ticket Income 117 600 $
Luxury Box -- Attendance: 1020 (100,00%) -- Ticket Income 206 040 $
Game was played at the Missouri Beehive Complex.
Total Attendance: 19520 (100,00%)
Total Ticket Income: 1 442 840 $
Other Income: 504 994 $
Total Income: 1 947 834 $

SALEM BLACK JAYS

5 vs 5 Forward 
   Center                   Left Wing                Right Wing               Time % Phy DF OF 
 1 Mathew Barzal            Josh Leivo               Mitchell Marner          36     1   2  2  
 2 Dylan Larkin             Matthew Calvert          Mikko Rantanen           31     1   2  2  
 3 Casey Cizikas            Andreas Athanasiou       Martin Necas             23     1   2  2  
 4 Filip Chytil             Par Lindholm             Matthew Highmore         10     1   2  2  

5 vs 5 Defense 
   Defense                  Defense                                           Time % Phy DF OF 
 1 Joshua Morrissey         Scott Mayfield                                    36     1   2  2  
 2 Anthony DeAngelo         Michal Kempny                                     31     1   2  2  
 3 Cody Ceci                Jason Demers                                      23     1   2  2  
 4 Cody Ceci                Jason Demers                                      10     1   2  2  

PowerPlay Forward 
   Center                   Left Wing                Right Wing               Time % Phy DF OF 
 1 Mathew Barzal            Josh Leivo               Mikko Rantanen           55     1   1  3  
 2 Dylan Larkin             Matthew Calvert          Mitchell Marner          45     1   1  3  

PowerPlay Defense
   Defense                  Defense                                           Time % Phy DF OF 
 1 Joshua Morrissey         Jason Demers                                      55     0   0  5  
 2 Anthony DeAngelo         Michal Kempny                                     45     0   0  5  

Penalty Kill 4 Players Forward 
   Center                   Wing                     Time % Phy DF OF 
 1 Casey Cizikas            Matthew Highmore         55     1   3  1  
 2 Filip Chytil             Andreas Athanasiou       45     1   3  1  

Penalty Kill 4 Players Defense
   Defense                  Defense                  Time % Phy DF OF 
 1 Scott Mayfield           Michal Kempny            55     1   2  2  
 2 Cody Ceci                Jason Demers             45     1   2  2  

Penalty Kill - 3 Players Forward 
   Forward                                           Time % Phy DF OF 
 1 Casey Cizikas                                     55     1   3  1  
 2 Filip Chytil                                      45     1   3  1  

Penalty Kill - 3 Players Defense
   Defense                  Defense                  Time % Phy DF OF 
 1 Scott Mayfield           Michal Kempny            55     1   2  2  
 2 Cody Ceci                Jason Demers             45     1   2  2  

4 vs 4 Forward 
   Center                   Wing                     Time % Phy DF OF 
 1 Dylan Larkin             Mitchell Marner          55     1   2  2  
 2 Mathew Barzal            Mikko Rantanen           45     1   2  2  

4 vs 4 Defense
   Defense                  Defense                  Time % Phy DF OF 
 1 Joshua Morrissey         Jason Demers             55     1   2  2  
 2 Anthony DeAngelo         Michal Kempny            45     1   2  2  

Last Minutes Offensive
   Center                   Left Wing                Right Wing               Defense                  Defense                  
   Mathew Barzal            Dylan Larkin             Mitchell Marner          Joshua Morrissey         Anthony DeAngelo         

Last Minutes Defensive
   Center                   Left Wing                Right Wing               Defense                  Defense                  
   Mathew Barzal            Dylan Larkin             Mitchell Marner          Joshua Morrissey         Anthony DeAngelo         

Goaltenders
Starting : Elvis Merzlikins         
Backup : Juuse Saros              

Extra Forwards
Normal : Casey Cizikas, Martin Necas, Filip Chytil - PP : Casey Cizikas, Filip Chytil - PK : Matthew Calvert
Extra Defensemen
Normal : Cody Ceci, Jason Demers, Anthony DeAngelo - PP : Cody Ceci - PK : Joshua Morrissey, Anthony DeAngelo
Penalty Shots
Mikko Rantanen, Mitchell Marner, Mathew Barzal, Dylan Larkin, Josh Leivo
Custom OT Lines Forwards
Mathew Barzal, Dylan Larkin, Mitchell Marner, Mikko Rantanen, Josh Leivo, Matthew Calvert, Casey Cizikas, Martin Necas, Filip Chytil, Andreas Athanasiou
Custom OT Lines Defensemen
Joshua Morrissey, Anthony DeAngelo, Michal Kempny, Jason Demers, Scott Mayfield

Scratches
Nick Jensen (Healthy), Scott Harrington (Healthy)

KANSAS CITY KILLERBEES

5 vs 5 Forward 
   Center                   Left Wing                Right Wing               Time % Phy DF OF 
 1 Sean Couturier           Zach Hyman               Mark Stone               36     1   2  2  
 2 Max Domi                 Nicholas Ritchie         Zach Parise              34     1   2  2  
 3 Paul Stastny             Tyler Ennis              Ryan Dzingel             23     1   2  2  
 4 Oskar Sundqvist          Riley Sheahan            Josh Archibald           7      1   2  2  

5 vs 5 Defense 
   Defense                  Defense                                           Time % Phy DF OF 
 1 Jacob Muzzin             Cam Fowler                                        36     1   2  2  
 2 Haydn Fleury             Adam Larsson                                      35     1   2  2  
 3 Colin Miller             Oscar Fantenberg                                  28     1   2  2  
 4 Adam Larsson             Jacob Muzzin                                      1      1   2  2  

PowerPlay Forward 
   Center                   Left Wing                Right Wing               Time % Phy DF OF 
 1 Sean Couturier           Zach Hyman               Mark Stone               55     1   2  2  
 2 Paul Stastny             Max Domi                 Ryan Dzingel             45     1   2  2  

PowerPlay Defense
   Defense                  Defense                                           Time % Phy DF OF 
 1 Jacob Muzzin             Cam Fowler                                        50     1   2  2  
 2 Haydn Fleury             Colin Miller                                      50     1   2  2  

Penalty Kill 4 Players Forward 
   Center                   Wing                     Time % Phy DF OF 
 1 Riley Sheahan            Nicholas Ritchie         55     1   2  2  
 2 Paul Stastny             Josh Archibald           45     1   2  2  

Penalty Kill 4 Players Defense
   Defense                  Defense                  Time % Phy DF OF 
 1 Jacob Muzzin             Adam Larsson             50     1   2  2  
 2 Haydn Fleury             Oscar Fantenberg         50     1   2  2  

Penalty Kill - 3 Players Forward 
   Forward                                           Time % Phy DF OF 
 1 Riley Sheahan                                     55     1   2  2  
 2 Josh Archibald                                    45     1   2  2  

Penalty Kill - 3 Players Defense
   Defense                  Defense                  Time % Phy DF OF 
 1 Oscar Fantenberg         Adam Larsson             50     1   2  2  
 2 Haydn Fleury             Cam Fowler               50     1   2  2  

4 vs 4 Forward 
   Center                   Wing                     Time % Phy DF OF 
 1 Sean Couturier           Mark Stone               55     1   2  2  
 2 Paul Stastny             Zach Hyman               45     1   2  2  

4 vs 4 Defense
   Defense                  Defense                  Time % Phy DF OF 
 1 Jacob Muzzin             Cam Fowler               50     1   2  2  
 2 Haydn Fleury             Adam Larsson             50     1   2  2  

Last Minutes Offensive
   Center                   Left Wing                Right Wing               Defense                  Defense                  
   Sean Couturier           Zach Hyman               Mark Stone               Cam Fowler               Jacob Muzzin             

Last Minutes Defensive
   Center                   Left Wing                Right Wing               Defense                  Defense                  
   Sean Couturier           Nicholas Ritchie         Mark Stone               Adam Larsson             Jacob Muzzin             

Goaltenders
Starting : John Gibson              
Backup : Mikhail Berdin           

Extra Forwards
Normal : Mark Stone, Paul Stastny, Max Domi - PP : Nicholas Ritchie, Sean Couturier - PK : Zach Hyman
Extra Defensemen
Normal : Jacob Muzzin, Haydn Fleury, Cam Fowler - PP : Colin Miller - PK : Jacob Muzzin, Adam Larsson
Penalty Shots
Max Domi, Mark Stone, Sean Couturier, Zach Hyman, Paul Stastny
Custom OT Lines Forwards
Sean Couturier, Mark Stone, Paul Stastny, Zach Hyman, Max Domi, Tyler Ennis, Zach Parise, Oskar Sundqvist, Nicholas Ritchie, Josh Archibald
Custom OT Lines Defensemen
Jacob Muzzin, Cam Fowler, Adam Larsson, Haydn Fleury, Oscar Fantenberg

Scratches
None


% Time on Ice - SALEM BLACK JAYS

Lines # - Real PCT - Wanted PCT - Time Play
Normal Forward
1 - 34% - 36% - 14:37
2 - 30% - 31% - 12:57
3 - 24% - 23% - 10:13
4 - 13% - 10% - 5:37
Normal Defense
1 - 37% - 36% - 15:59
2 - 33% - 31% - 14:13
3 - 25% - 23% - 10:38
4 - 6% - 10% - 2:34
PP Forward
1 - 54% - 55% - 2:33
2 - 46% - 45% - 2:09
PP Defense
1 - 46% - 55% - 2:09
2 - 54% - 45% - 2:33
PK Forward
1 - 54% - 55% - 4:19
2 - 46% - 45% - 3:37
PK Defense
1 - 52% - 55% - 4:08
2 - 48% - 45% - 3:48
PK3 Forward
1 - 0% - 55%
2 - 0% - 45%
PK3 Defense
1 - 0% - 55%
2 - 0% - 45%
44 Forward
1 - 77% - 55% - 3:03
2 - 23% - 45% - 0:55
44 Defense
1 - 66% - 55% - 2:38
2 - 34% - 45% - 1:20
Last Minute Offensive  - 0:00
Last Minute Defensive  - 0:00
Total
Forward - 60:00
Defense - 60:00

% Time on Ice - KANSAS CITY KILLERBEES

Lines # - Real PCT - Wanted PCT - Time Play
Normal Forward
1 - 31% - 36% - 13:32
2 - 32% - 34% - 13:59
3 - 20% - 23% - 8:43
4 - 17% - 7% - 7:10
Normal Defense
1 - 38% - 36% - 16:40
2 - 28% - 35% - 12:02
3 - 31% - 28% - 13:36
4 - 3% - 1% - 1:06
PP Forward
1 - 59% - 55% - 4:42
2 - 41% - 45% - 3:14
PP Defense
1 - 53% - 50% - 4:10
2 - 47% - 50% - 3:46
PK Forward
1 - 66% - 55% - 3:06
2 - 34% - 45% - 1:36
PK Defense
1 - 50% - 50% - 2:20
2 - 50% - 50% - 2:22
PK3 Forward
1 - 0% - 55%
2 - 0% - 45%
PK3 Defense
1 - 0% - 50%
2 - 0% - 50%
44 Forward
1 - 100% - 55% - 3:58
2 - 0% - 45% - 0:00
44 Defense
1 - 25% - 50% - 0:59
2 - 75% - 50% - 2:59
Last Minute Offensive  - 0:00
Last Minute Defensive  - 0:00
Total
Forward - 60:00
Defense - 60:00

Play-by-Play

1st period


0:01 of 1st period - Sean Couturier wins face-off versus Mathew Barzal in neutral zone.
0:06 of 1st period - Shot by Zach Hyman.
0:06 of 1st period - Shot Misses the Net.
0:16 of 1st period - Shot by Sean Couturier.
0:16 of 1st period - Shot Misses the Net.
0:18 of 1st period - Shot by Sean Couturier.
0:18 of 1st period - Stopped by Elvis Merzlikins with a rebound.
0:22 of 1st period - Shot by Mark Stone.
0:22 of 1st period - Stopped by Elvis Merzlikins without a rebound.
0:23 of 1st period - Dylan Larkin wins face-off versus Max Domi in SALEM BLACK JAYS zone.
0:43 of 1st period - Shot by Nicholas Ritchie.
0:43 of 1st period - Stopped by Elvis Merzlikins without a rebound.
0:44 of 1st period - Paul Stastny wins face-off versus Casey Cizikas in SALEM BLACK JAYS zone.
0:44 of 1st period - Paul Stastny is hit by Jason Demers.
1:10 of 1st period - Paul Stastny is hit by Cody Ceci and loses puck.
1:17 of 1st period - Shot by Martin Necas.
1:17 of 1st period - Stopped by John Gibson with a rebound.
1:25 of 1st period - Shot by Andreas Athanasiou.
1:25 of 1st period - Stopped by John Gibson without a rebound.
1:26 of 1st period - Filip Chytil wins face-off versus Max Domi in KANSAS CITY KILLERBEES zone.
2:36 of 1st period - Off-side.
2:37 of 1st period - Sean Couturier wins face-off versus Mathew Barzal in neutral zone.
3:21 of 1st period - Shot by Mathew Barzal.
3:21 of 1st period - Deflect By Josh Leivo.
3:21 of 1st period - Stopped by John Gibson without a rebound.
3:22 of 1st period - Oskar Sundqvist wins face-off versus Dylan Larkin in KANSAS CITY KILLERBEES zone.
3:22 of 1st period - Oskar Sundqvist is hit by Mikko Rantanen.
3:34 of 1st period - Shot by Mikko Rantanen.
3:34 of 1st period - Stopped by John Gibson without a rebound.
3:35 of 1st period - Paul Stastny wins face-off versus Casey Cizikas in KANSAS CITY KILLERBEES zone.
3:53 of 1st period - Icing by Oscar Fantenberg.
3:54 of 1st period - Paul Stastny wins face-off versus Dylan Larkin in KANSAS CITY KILLERBEES zone.
3:56 of 1st period - Icing by Tyler Ennis.
3:57 of 1st period - Paul Stastny wins face-off versus Dylan Larkin in KANSAS CITY KILLERBEES zone.
5:49 of 1st period - Shot by Zach Hyman.
5:49 of 1st period - Shot Misses the Net.
5:51 of 1st period - Shot by Jacob Muzzin.
5:51 of 1st period - Deflect By Sean Couturier.
5:51 of 1st period - Stopped by Elvis Merzlikins without a rebound.
5:52 of 1st period - Max Domi wins face-off versus Andreas Athanasiou in SALEM BLACK JAYS zone.
6:25 of 1st period - Shot by Max Domi.
6:25 of 1st period - Stopped by Elvis Merzlikins without a rebound.
6:26 of 1st period - Oskar Sundqvist wins face-off versus Dylan Larkin in SALEM BLACK JAYS zone.
6:29 of 1st period - Shot by Oskar Sundqvist.
6:29 of 1st period - Stopped by Elvis Merzlikins without a rebound.
6:30 of 1st period - Sean Couturier wins face-off versus Dylan Larkin in SALEM BLACK JAYS zone.
6:30 of 1st period - Minor Penalty to Anthony DeAngelo for Interference.
6:31 of 1st period - Sean Couturier wins face-off versus Casey Cizikas in SALEM BLACK JAYS zone.
7:00 of 1st period - Icing by Sean Couturier.
7:01 of 1st period - Sean Couturier wins face-off versus Casey Cizikas in KANSAS CITY KILLERBEES zone.
8:14 of 1st period - Shot by Ryan Dzingel.
8:14 of 1st period - Stopped by Elvis Merzlikins without a rebound.
8:15 of 1st period - Sean Couturier wins face-off versus Casey Cizikas in SALEM BLACK JAYS zone.
8:42 of 1st period - Shot by Riley Sheahan.
8:42 of 1st period - Stopped by Elvis Merzlikins without a rebound.
8:43 of 1st period - Nicholas Ritchie wins face-off versus Mathew Barzal in SALEM BLACK JAYS zone.
8:53 of 1st period - Mitchell Marner is hit by Colin Miller and loses puck.
10:13 of 1st period - Dylan Larkin is hit by Mark Stone and loses puck.
10:30 of 1st period - Mikko Rantanen is hit by Jacob Muzzin and loses puck.
10:31 of 1st period - Minor Penalty to Jacob Muzzin for Roughing.
10:32 of 1st period - Dylan Larkin wins face-off versus Riley Sheahan in KANSAS CITY KILLERBEES zone.
11:13 of 1st period - Shot by Mikko Rantanen.
11:13 of 1st period - Shot Misses the Net.
11:15 of 1st period - Shot by Michal Kempny.
11:15 of 1st period - Goal by Michal Kempny - SALEM BLACK JAYS : 1 - KANSAS CITY KILLERBEES : 0.
11:16 of 1st period - Paul Stastny wins face-off versus Casey Cizikas in neutral zone.
11:33 of 1st period - Shot by Paul Stastny.
11:33 of 1st period - Shot Hit the Post.
11:36 of 1st period - Icing by Scott Mayfield.
11:37 of 1st period - Casey Cizikas wins face-off versus Sean Couturier in SALEM BLACK JAYS zone.
11:37 of 1st period - Casey Cizikas is hit by Zach Hyman.
11:58 of 1st period - Shot by Andreas Athanasiou.
11:58 of 1st period - Shot Blocked by Jacob Muzzin.
12:00 of 1st period - Shot by Casey Cizikas.
12:00 of 1st period - Shot Blocked by Sean Couturier.
12:19 of 1st period - Icing by Jacob Muzzin.
12:20 of 1st period - Mathew Barzal wins face-off versus Sean Couturier in KANSAS CITY KILLERBEES zone.
12:58 of 1st period - Shot by Zach Parise.
12:58 of 1st period - Deflect By Nicholas Ritchie.
12:58 of 1st period - Stopped by Elvis Merzlikins without a rebound.
12:59 of 1st period - Oskar Sundqvist wins face-off versus Dylan Larkin in SALEM BLACK JAYS zone.
13:03 of 1st period - Riley Sheahan is hit by Cody Ceci and loses puck.
13:10 of 1st period - Shot by Riley Sheahan.
13:10 of 1st period - Shot Misses the Net.
13:58 of 1st period - Dylan Larkin is hit by Nicholas Ritchie and loses puck.
14:08 of 1st period - Minor Penalty to Jason Demers for Hooking.
14:09 of 1st period - Sean Couturier wins face-off versus Casey Cizikas in SALEM BLACK JAYS zone.
14:17 of 1st period - Mark Stone is hit by Scott Mayfield and loses puck.
14:23 of 1st period - Sean Couturier is hit by Scott Mayfield and loses puck.
14:28 of 1st period - Shot by Sean Couturier.
14:28 of 1st period - Stopped by Elvis Merzlikins without a rebound.
14:29 of 1st period - Filip Chytil wins face-off versus Max Domi in SALEM BLACK JAYS zone.
14:48 of 1st period - Shot by Paul Stastny.
14:48 of 1st period - Shot Misses the Net.
16:00 of 1st period - Shot by Mark Stone.
16:00 of 1st period - Stopped by Elvis Merzlikins without a rebound.
16:01 of 1st period - Ryan Dzingel wins face-off versus Matthew Highmore in SALEM BLACK JAYS zone.
17:01 of 1st period - Icing by Dylan Larkin.
17:02 of 1st period - Dylan Larkin wins face-off versus Max Domi in SALEM BLACK JAYS zone.
17:02 of 1st period - Mikko Rantanen is hit by Nicholas Ritchie and loses puck.
17:07 of 1st period - Shot by Zach Parise.
17:07 of 1st period - Shot Hit the Post.
17:15 of 1st period - Shot by Mikko Rantanen.
17:15 of 1st period - Stopped by John Gibson without a rebound.
17:16 of 1st period - Sean Couturier wins face-off versus Casey Cizikas in KANSAS CITY KILLERBEES zone.
17:27 of 1st period - Shot by Mark Stone.
17:27 of 1st period - Shot Misses the Net.
19:26 of 1st period - Icing by Michal Kempny.
19:27 of 1st period - Tyler Ennis wins face-off versus Dylan Larkin in SALEM BLACK JAYS zone.
19:33 of 1st period - Icing by Dylan Larkin.
19:34 of 1st period - Paul Stastny wins face-off versus Dylan Larkin in SALEM BLACK JAYS zone.
19:35 of 1st period - Shot by Tyler Ennis.
19:35 of 1st period - Stopped by Elvis Merzlikins with a rebound.
19:42 of 1st period - Icing by Dylan Larkin.
19:43 of 1st period - Dylan Larkin wins face-off versus Sean Couturier in SALEM BLACK JAYS zone.
19:43 of 1st period - Dylan Larkin is hit by Mark Stone.
Goals for this period are 1 for SALEM BLACK JAYS vs 0 for KANSAS CITY KILLERBEES.
Shots for this period are 6 for SALEM BLACK JAYS vs 12 for KANSAS CITY KILLERBEES.

2nd period


0:01 of 2nd period - Max Domi wins face-off versus Mathew Barzal in neutral zone.
0:11 of 2nd period - Shot by Mathew Barzal.
0:11 of 2nd period - Shot Misses the Net.
0:13 of 2nd period - Shot by Mathew Barzal.
0:13 of 2nd period - Stopped by John Gibson without a rebound.
0:14 of 2nd period - Casey Cizikas wins face-off versus Sean Couturier in KANSAS CITY KILLERBEES zone.
0:36 of 2nd period - Icing by Jacob Muzzin.
0:37 of 2nd period - Mathew Barzal wins face-off versus Sean Couturier in KANSAS CITY KILLERBEES zone.
0:50 of 2nd period - Shot by Mitchell Marner.
0:50 of 2nd period - Stopped by John Gibson without a rebound.
0:51 of 2nd period - Dylan Larkin wins face-off versus Max Domi in KANSAS CITY KILLERBEES zone.
0:53 of 2nd period - Mikko Rantanen is hit by Adam Larsson and loses puck.
1:07 of 2nd period - Dylan Larkin is hit by Adam Larsson and loses puck.
1:17 of 2nd period - Dylan Larkin is hit by Haydn Fleury and loses puck.
3:31 of 2nd period - Shot by Mark Stone.
3:31 of 2nd period - Shot Misses the Net.
3:33 of 2nd period - Shot by Oscar Fantenberg.
3:33 of 2nd period - Stopped by Elvis Merzlikins with a rebound.
3:35 of 2nd period - Shot by Sean Couturier.
3:35 of 2nd period - Stopped by Elvis Merzlikins without a rebound.
3:36 of 2nd period - Max Domi wins face-off versus Filip Chytil in SALEM BLACK JAYS zone.
3:38 of 2nd period - Minor Penalty to Michal Kempny for Interference.
3:39 of 2nd period - Casey Cizikas wins face-off versus Sean Couturier in SALEM BLACK JAYS zone.
4:34 of 2nd period - Shot by Max Domi.
4:34 of 2nd period - Shot Misses the Net.
4:36 of 2nd period - Shot by Jacob Muzzin.
4:36 of 2nd period - Deflect By Max Domi.
4:36 of 2nd period - Stopped by Elvis Merzlikins without a rebound.
4:37 of 2nd period - Filip Chytil wins face-off versus Paul Stastny in SALEM BLACK JAYS zone.
4:37 of 2nd period - Filip Chytil is hit by Max Domi.
4:44 of 2nd period - Icing by Paul Stastny.
4:45 of 2nd period - Paul Stastny wins face-off versus Filip Chytil in KANSAS CITY KILLERBEES zone.
6:14 of 2nd period - Shot by Mathew Barzal.
6:14 of 2nd period - Shot Misses the Net.
6:22 of 2nd period - Shot by Mitchell Marner.
6:22 of 2nd period - Stopped by John Gibson without a rebound.
6:23 of 2nd period - Max Domi wins face-off versus Dylan Larkin in KANSAS CITY KILLERBEES zone.
6:23 of 2nd period - Max Domi is hit by Matthew Calvert.
6:30 of 2nd period - Shot by Dylan Larkin.
6:30 of 2nd period - Stopped by John Gibson without a rebound.
6:31 of 2nd period - Max Domi wins face-off versus Dylan Larkin in KANSAS CITY KILLERBEES zone.
6:39 of 2nd period - Icing by Joshua Morrissey.
6:40 of 2nd period - Sean Couturier wins face-off versus Dylan Larkin in SALEM BLACK JAYS zone.
7:44 of 2nd period - Icing by Joshua Morrissey.
7:45 of 2nd period - Dylan Larkin wins face-off versus Max Domi in SALEM BLACK JAYS zone.
8:55 of 2nd period - Icing by Colin Miller.
8:56 of 2nd period - Max Domi wins face-off versus Filip Chytil in KANSAS CITY KILLERBEES zone.
9:46 of 2nd period - Sean Couturier is hit by Scott Mayfield and loses puck.
10:12 of 2nd period - Tyler Ennis is hit by Scott Mayfield and loses puck.
10:20 of 2nd period - Paul Stastny is hit by Joshua Morrissey and loses puck.
10:27 of 2nd period - Shot by Tyler Ennis.
10:27 of 2nd period - Shot Blocked by Joshua Morrissey.
11:27 of 2nd period - Shot by Josh Leivo.
11:27 of 2nd period - Stopped by John Gibson with a rebound.
11:29 of 2nd period - Shot by Mitchell Marner.
11:29 of 2nd period - Goal by Mitchell Marner - SALEM BLACK JAYS : 2 - KANSAS CITY KILLERBEES : 0.
11:30 of 2nd period - Dylan Larkin wins face-off versus Sean Couturier in neutral zone.
11:32 of 2nd period - Off-side.
11:33 of 2nd period - Dylan Larkin wins face-off versus Max Domi in neutral zone.
11:33 of 2nd period - Mikko Rantanen is hit by Nicholas Ritchie and loses puck.
12:07 of 2nd period - Shot by Max Domi.
12:07 of 2nd period - Shot Misses the Net.
12:09 of 2nd period - Shot by Nicholas Ritchie.
12:09 of 2nd period - Deflect By Zach Parise.
12:09 of 2nd period - Shot Misses the Net.
12:15 of 2nd period - Shot by Zach Parise.
12:15 of 2nd period - Stopped by Elvis Merzlikins with a rebound.
12:30 of 2nd period - Mark Stone is hit by Anthony DeAngelo and loses puck.
12:44 of 2nd period - Minor Penalty to Mark Stone for Hooking.
12:44 of 2nd period - Minor Penalty to Anthony DeAngelo for Hooking.
12:45 of 2nd period - Casey Cizikas wins face-off versus Sean Couturier in SALEM BLACK JAYS zone.
12:45 of 2nd period - Casey Cizikas is hit by Sean Couturier.
13:05 of 2nd period - Shot by Paul Stastny.
13:05 of 2nd period - Goal by Paul Stastny - SALEM BLACK JAYS : 2 - KANSAS CITY KILLERBEES : 1.
13:06 of 2nd period - Sean Couturier wins face-off versus Dylan Larkin in neutral zone.
13:26 of 2nd period - Shot by Sean Couturier.
13:26 of 2nd period - Shot Blocked by Jason Demers.
14:33 of 2nd period - Shot by Zach Parise.
14:33 of 2nd period - Deflect By Max Domi.
14:33 of 2nd period - Stopped by Elvis Merzlikins without a rebound.
14:34 of 2nd period - Max Domi wins face-off versus Mathew Barzal in SALEM BLACK JAYS zone.
15:11 of 2nd period - Shot by Casey Cizikas.
15:11 of 2nd period - Shot Misses the Net.
15:16 of 2nd period - Martin Necas is hit by Oscar Fantenberg and loses puck.
16:14 of 2nd period - Icing by Joshua Morrissey.
16:15 of 2nd period - Sean Couturier wins face-off versus Filip Chytil in SALEM BLACK JAYS zone.
16:15 of 2nd period - Mark Stone is hit by Scott Mayfield.
16:52 of 2nd period - Mathew Barzal is hit by Adam Larsson.
17:10 of 2nd period - Shot by Mitchell Marner.
17:10 of 2nd period - Stopped by John Gibson without a rebound.
17:11 of 2nd period - Dylan Larkin wins face-off versus Max Domi in KANSAS CITY KILLERBEES zone.
17:12 of 2nd period - Shot by Mikko Rantanen.
17:12 of 2nd period - Shot Misses the Net.
17:14 of 2nd period - Shot by Anthony DeAngelo.
17:14 of 2nd period - Shot Misses the Net.
17:30 of 2nd period - Minor Penalty to Jacob Muzzin for Hooking.
17:31 of 2nd period - Mathew Barzal wins face-off versus Riley Sheahan in KANSAS CITY KILLERBEES zone.
17:42 of 2nd period - Shot by Mathew Barzal.
17:42 of 2nd period - Stopped by John Gibson without a rebound.
17:43 of 2nd period - Dylan Larkin wins face-off versus Riley Sheahan in KANSAS CITY KILLERBEES zone.
18:12 of 2nd period - Shot by Mitchell Marner.
18:12 of 2nd period - Stopped by John Gibson with a rebound.
19:43 of 2nd period - Shot by Mark Stone.
19:43 of 2nd period - Shot Misses the Net.
19:58 of 2nd period - Shot by Sean Couturier.
19:58 of 2nd period - Shot Blocked by Cody Ceci.
Goals for this period are 1 for SALEM BLACK JAYS vs 1 for KANSAS CITY KILLERBEES.
Shots for this period are 9 for SALEM BLACK JAYS vs 6 for KANSAS CITY KILLERBEES.

3rd period


0:01 of 3rd period - Max Domi wins face-off versus Mathew Barzal in neutral zone.
0:04 of 3rd period - Shot by Zach Parise.
0:04 of 3rd period - Shot Misses the Net.
0:15 of 3rd period - Icing by Joshua Morrissey.
0:16 of 3rd period - Mathew Barzal wins face-off versus Sean Couturier in SALEM BLACK JAYS zone.
0:29 of 3rd period - Shot by Mathew Barzal.
0:29 of 3rd period - Stopped by John Gibson without a rebound.
0:30 of 3rd period - Dylan Larkin wins face-off versus Max Domi in KANSAS CITY KILLERBEES zone.
1:02 of 3rd period - Shot by Mikko Rantanen.
1:02 of 3rd period - Shot Blocked by Haydn Fleury.
1:36 of 3rd period - Shot by Mathew Barzal.
1:36 of 3rd period - Shot Misses the Net.
1:42 of 3rd period - Shot by Mitchell Marner.
1:42 of 3rd period - Shot Misses the Net.
1:44 of 3rd period - Shot by Mathew Barzal.
1:44 of 3rd period - Goal by Mathew Barzal - SALEM BLACK JAYS : 3 - KANSAS CITY KILLERBEES : 1.
1:45 of 3rd period - Sean Couturier wins face-off versus Casey Cizikas in neutral zone.
1:47 of 3rd period - Off-side.
1:48 of 3rd period - Casey Cizikas wins face-off versus Sean Couturier in neutral zone.
2:14 of 3rd period - Minor Penalty to Jacob Muzzin for Hooking.
2:15 of 3rd period - Paul Stastny wins face-off versus Mathew Barzal in KANSAS CITY KILLERBEES zone.
4:36 of 3rd period - Shot by Sean Couturier.
4:36 of 3rd period - Shot Blocked by Joshua Morrissey.
5:10 of 3rd period - Shot by Matthew Highmore.
5:10 of 3rd period - Shot Misses the Net.
5:21 of 3rd period - Icing by Sean Couturier.
5:22 of 3rd period - Sean Couturier wins face-off versus Mathew Barzal in KANSAS CITY KILLERBEES zone.
5:35 of 3rd period - Shot by Ryan Dzingel.
5:35 of 3rd period - Stopped by Elvis Merzlikins without a rebound.
5:36 of 3rd period - Paul Stastny wins face-off versus Dylan Larkin in SALEM BLACK JAYS zone.
5:37 of 3rd period - Shot by Tyler Ennis.
5:37 of 3rd period - Shot Misses the Net.
6:30 of 3rd period - Shot by Mitchell Marner.
6:30 of 3rd period - Stopped by John Gibson with a rebound.
6:32 of 3rd period - Shot by Mitchell Marner.
6:32 of 3rd period - Stopped by John Gibson without a rebound.
6:33 of 3rd period - Casey Cizikas wins face-off versus Max Domi in KANSAS CITY KILLERBEES zone.
6:34 of 3rd period - Shot by Andreas Athanasiou.
6:34 of 3rd period - Stopped by John Gibson without a rebound.
6:35 of 3rd period - Max Domi wins face-off versus Mathew Barzal in KANSAS CITY KILLERBEES zone.
6:40 of 3rd period - Shot by Mathew Barzal.
6:40 of 3rd period - Stopped by John Gibson without a rebound.
6:41 of 3rd period - Max Domi wins face-off versus Mathew Barzal in KANSAS CITY KILLERBEES zone.
6:41 of 3rd period - Max Domi is hit by Mitchell Marner.
6:46 of 3rd period - Off-side.
6:47 of 3rd period - Max Domi wins face-off versus Mathew Barzal in neutral zone.
7:02 of 3rd period - Shot by Zach Parise.
7:02 of 3rd period - Shot Misses the Net.
7:04 of 3rd period - Shot by Jacob Muzzin.
7:04 of 3rd period - Shot Misses the Net.
8:05 of 3rd period - Jacob Muzzin is hit by Michal Kempny and loses puck.
8:06 of 3rd period - Minor Penalty to Anthony DeAngelo for Slashing.
8:07 of 3rd period - Casey Cizikas wins face-off versus Mark Stone in SALEM BLACK JAYS zone.
8:59 of 3rd period - Off-side.
9:00 of 3rd period - Paul Stastny wins face-off versus Filip Chytil in neutral zone.
9:02 of 3rd period - Off-side.
9:03 of 3rd period - Casey Cizikas wins face-off versus Paul Stastny in neutral zone.
9:24 of 3rd period - Shot by Paul Stastny.
9:24 of 3rd period - Shot Blocked by Filip Chytil.
9:42 of 3rd period - Icing by Max Domi.
9:43 of 3rd period - Ryan Dzingel wins face-off versus Matthew Highmore in KANSAS CITY KILLERBEES zone.
10:06 of 3rd period - Shot by Mark Stone.
10:06 of 3rd period - Shot Misses the Net.
10:13 of 3rd period - Minor Penalty to Josh Archibald for Hooking.
10:13 of 3rd period - Minor Penalty to Anthony DeAngelo for Holding.
10:14 of 3rd period - Sean Couturier wins face-off versus Mitchell Marner in SALEM BLACK JAYS zone.
10:23 of 3rd period - Shot by Mark Stone.
10:23 of 3rd period - Goal by Mark Stone - SALEM BLACK JAYS : 3 - KANSAS CITY KILLERBEES : 2.
10:24 of 3rd period - Dylan Larkin wins face-off versus Sean Couturier in neutral zone.
10:27 of 3rd period - Adam Larsson is hit by Dylan Larkin and loses puck.
11:38 of 3rd period - Icing by Sean Couturier.
11:39 of 3rd period - Dylan Larkin wins face-off versus Sean Couturier in KANSAS CITY KILLERBEES zone.
11:42 of 3rd period - Shot by Mitchell Marner.
11:42 of 3rd period - Stopped by John Gibson with a rebound.
12:04 of 3rd period - Shot by Mitchell Marner.
12:04 of 3rd period - Shot Misses the Net.
12:06 of 3rd period - Shot by Jason Demers.
12:06 of 3rd period - Shot Misses the Net.
12:18 of 3rd period - Shot by Andreas Athanasiou.
12:18 of 3rd period - Shot Misses the Net.
12:28 of 3rd period - Shot by Andreas Athanasiou.
12:28 of 3rd period - Shot Blocked by Oscar Fantenberg.
12:44 of 3rd period - Shot by Andreas Athanasiou.
12:44 of 3rd period - Stopped by John Gibson with a rebound.
13:03 of 3rd period - Shot by Scott Mayfield.
13:03 of 3rd period - Stopped by John Gibson without a rebound.
13:04 of 3rd period - Filip Chytil wins face-off versus Max Domi in KANSAS CITY KILLERBEES zone.
14:25 of 3rd period - Josh Leivo is hit by Josh Archibald and loses puck.
15:11 of 3rd period - Shot by Tyler Ennis.
15:11 of 3rd period - Shot Misses the Net.
15:19 of 3rd period - Shot by Ryan Dzingel.
15:19 of 3rd period - Shot Misses the Net.
15:51 of 3rd period - Shot by Mark Stone.
15:51 of 3rd period - Stopped by Elvis Merzlikins with a rebound.
15:53 of 3rd period - Shot by Sean Couturier.
15:53 of 3rd period - Shot Blocked by Scott Mayfield.
17:58 of 3rd period - Icing by Oscar Fantenberg.
17:59 of 3rd period - Oskar Sundqvist wins face-off versus Filip Chytil in KANSAS CITY KILLERBEES zone.
18:45 of 3rd period - Shot by Mikko Rantanen.
18:45 of 3rd period - Stopped by John Gibson without a rebound.
18:46 of 3rd period - Sean Couturier wins face-off versus Mikko Rantanen in KANSAS CITY KILLERBEES zone.
19:00 of 3rd period - KANSAS CITY KILLERBEES, John Gibson is pulled from the net.
19:18 of 3rd period - Shot by Sean Couturier.
19:18 of 3rd period - Shot Misses the Net.
19:20 of 3rd period - Shot by Sean Couturier.
19:20 of 3rd period - Goal by Sean Couturier - SALEM BLACK JAYS : 3 - KANSAS CITY KILLERBEES : 3.
19:20 of 3rd period - John Gibson from KANSAS CITY KILLERBEES was sent back in the game.
19:21 of 3rd period - Casey Cizikas wins face-off versus Paul Stastny in neutral zone.
Goals for this period are 1 for SALEM BLACK JAYS vs 2 for KANSAS CITY KILLERBEES.
Shots for this period are 10 for SALEM BLACK JAYS vs 4 for KANSAS CITY KILLERBEES.

Overtime #1


0:01 of 1st overtime period - Dylan Larkin wins face-off versus Sean Couturier in neutral zone.
1:12 of 1st overtime period - Shot by Mitchell Marner.
1:12 of 1st overtime period - Stopped by John Gibson without a rebound.
1:13 of 1st overtime period - Mikko Rantanen wins face-off versus Paul Stastny in KANSAS CITY KILLERBEES zone.
1:14 of 1st overtime period - Shot by Mitchell Marner.
1:14 of 1st overtime period - Stopped by John Gibson without a rebound.
1:15 of 1st overtime period - Paul Stastny wins face-off versus Dylan Larkin in KANSAS CITY KILLERBEES zone.
1:30 of 1st overtime period - Shot by Zach Hyman.
1:30 of 1st overtime period - Shot Misses the Net.
1:42 of 1st overtime period - Shot by Dylan Larkin.
1:42 of 1st overtime period - Shot Misses the Net.
1:44 of 1st overtime period - Shot by Mathew Barzal.
1:44 of 1st overtime period - Shot Misses the Net.
3:52 of 1st overtime period - Shot by Josh Leivo.
3:52 of 1st overtime period - Shot Misses the Net.
3:54 of 1st overtime period - Shot by Josh Leivo.
3:54 of 1st overtime period - Shot Blocked by Adam Larsson.
4:04 of 1st overtime period - Shot by Matthew Calvert.
4:04 of 1st overtime period - Goal by Matthew Calvert - SALEM BLACK JAYS : 4 - KANSAS CITY KILLERBEES : 3.
Goals for this period are 1 for SALEM BLACK JAYS vs 0 for KANSAS CITY KILLERBEES.
Shots for this period are 3 for SALEM BLACK JAYS vs 0 for KANSAS CITY KILLERBEES.


SEBASTIAN
AHO
MARK
SCHEIFELE
JAKE
OETTINGER

EAST COAST

HOCKEY LEAGUE

  • 17.QUE3CHI2
  • 18.CHA2LIM4
  • 19.TRV3LON2
  • 20.CHW1BAL2
  • 21.PITMAN
  • 22.ATLNHW
  • 23.WORPET
  • 24.RHI